AoeStats
← TotillaTheHun

Four Lakes

509440978Analyzed
1v1 RM · 4d ago on Sep 26, 2026· 26m 35s· 2 players
Game mode
Random Map
Map size
Tiny (2 player)
Population
200
Speed
Normal
Resources
Standard
Victory
Conquest
Starting age
Dark Age
Ending age
Imperial Age
RankedLock teamsTeams togetherTeam positionsShared explorationLock speedFull tech treeHidden civsTurbo modeCheats
Victory
Defeat
🇺🇸 Saxons · United States
1202
+16
🇸🇪 Danes · Sweden
1196
-16
It'sFriday
11:12 Loom
12:58 Feudal Age
13:59 Double-Bit Axe
15:15 Fishing Lines
17:59 Castle Age
16:34 Wheelbarrow
16:01 Gold Mining
16:20 Horse Collar
19:17 Gillnets
19:44 Heavy Plow
19:58 Bow Saw
20:47 Pikeman
21:27 Squires
21:28 Scale Mail Armor
23:21 Fletching
24:29 Stone Mining
TotillaTheHun
3:10 Loom
10:33 Feudal Age
11:15 Double-Bit Axe
11:22 Fishing Lines
15:16 Wheelbarrow
14:27 Town Watch
19:25 Castle Age
18:39 Scale Barding Armor
18:46 Forging
20:47 Bloodlines
20:06 Light Cavalry
21:08 Chain Barding Armor
21:52 Bow Saw
26:05 Fletching
Connection lost

Rejoining the realm…

Still unreachable

The connection could not be restored.

Session expired

The server has moved on; the page needs a fresh start.